 Dungeon Crawl Stone Soup version 0.29.1-1-gd02db6906a (webtiles) character file.

Game seed: 18227406844694149325

1472 sentinel the Magician (level 9, -6/68 HPs)
             Began as a Meteoran Earth Elementalist on Sept 29, 2022.
             Was a Follower of Cheibriados.
             Mangled by Urug
             ... wielding a +7 eveningstar
              (14 damage)
             ... on level 1 of the Lair of Beasts.
             The game lasted 00:18:47 (1049 turns).

sentinel the Magician (Meteoran Earth Elementalist) Turns: 1049, Time: 00:18:47

Health: -6/68      AC:  4    Str: 14    XL:     9   Next: 27%
Magic:  29/29      EV: 12    Int: 24    God:    Cheibriados [*.....]
Gold:   0          SH:  0    Dex: 17    Spells: 5/22 levels left

rFire   . . .      SeeInvis +   p - +0 shortbow
rCold   . . .      Faith    .   (shield currently unavailable)
rNeg    . . .      Spirit   .   e - +1 leather armour of the Onion {SInv}
rPois   +          Reflect  .   (no helmet)
rElec   .          Harm     .   (no cloak)
rCorr   .          Rampage  .   (no gloves)
Will    +....                   (no boots)
Stlth   +.........              (no amulet)
HPRegen 0.21/turn               o - ring of poison resistance
MPRegen 0.21/turn               u - ring of magical power

@: glowing, very slow
A: sense surroundings 2, otherworldly, glowing, explore regen
a: Renounce Religion, Bend Time


You were on level 1 of the Lair of Beasts.
You worshipped Cheibriados.
Cheibriados was aware of your devotion.
You visited 3 branches of the dungeon, and saw 12 of its levels.

Inventory:

Hand Weapons
 p - a +0 shortbow (weapon)
Missiles
 m - 3 boomerangs
 y - a curare-tipped dart
Armour
 a - a +0 robe
 e - the +1 leather armour of the Onion (worn) {SInv}
   (You found it on level 2 of the Dungeon)

   SInv:      It lets you see invisible.
Jewellery
 c - a ring of protection from cold
 h - the ring of Relativism {Fly rElec Int-3 Dex+4 Stlth+}
   (You found it on level 2 of the Dungeon)

   [ring of flight]

   Int:       It affects your intelligence (-3).
   Dex:       It affects your dexterity (+4).
   rElec:     It insulates you from electricity.
   Fly:       It grants you flight.
   Stlth:     It makes you more stealthy.
 o - a ring of poison resistance (left hand)
 u - a ring of magical power (right hand)
Wands
 i - a wand of mindburst (11)
 q - a wand of polymorph (8)
 r - a wand of charming (8)
Scrolls
 d - 2 scrolls of immolation
 g - a scroll of amnesia
 l - 3 scrolls of vulnerability
 s - 2 scrolls of poison
 w - a scroll of enchant weapon {unknown}
 z - a scroll of teleportation {unknown}
 B - a scroll of blinking {unknown}
Potions
 b - a potion of magic
 f - a potion of invisibility {unknown}
 j - a potion of cancellation {unknown}
 k - a potion of flight {unknown}
 n - a potion of heal wounds {unknown}
 t - a potion of brilliance {unknown}
 x - a potion of attraction {unknown}
 A - a potion of curing {unknown}


   Skills:
 - Level 2.9 Fighting
 + Level 0.0 Throwing
 - Level 2.4 Dodging
 - Level 1.4 Stealth
 - Level 7.0 Spellcasting
 - Level 5.0 Conjurations
 - Level 2.0 Summonings
 - Level 1.2 Transmutations
 - Level 6.0 Earth Magic
 - Level 7.0 Poison Magic


You had 5 spell levels left.
You knew the following spells:

 Your Spells              Type           Power      Damage    Failure   Level
a - Sandblast             Erth           74%        2d16      1%          1
b - Stone Arrow           Conj/Erth      68%        3d11      2%          3
c - Passwall              Tmut/Erth      20%        N/A       3%          2
d - Call Imp              Summ           18%        N/A       6%          2
l - Lee's Rapid Deconstr  Erth           18%        3d12*     22%         5
t - Olgreb's Toxic Radia  Pois           42%        N/A       4%          4

Your spell library contained the following spells:

 Spells                   Type           Power      Damage    Failure   Level
 Magic Dart               Conj           100%       1d8       1%          1
 Sting                    Tmut/Pois      100%       1d8       1%          1
 Searing Ray              Conj           64%        2d6       1%          2
 Shock                    Conj/Air       80%        1d8       3%          1
 Poisonous Vapours        Pois/Air       50%        N/A       3%          2
 Spider Form              Tmut/Pois      28%        N/A       4%          3
 Beastly Appendage        Tmut           28%        N/A       5%          1
 Mephitic Cloud           Conj/Pois/Air  27%        N/A       5%          3
 Slow                     Hex            32%        N/A       9%          1
 Wereblood                Tmut           14%        N/A       9%          2
 Petrify                  Tmut/Erth      25%        N/A       21%         4
 Confusing Touch          Hex            8%         N/A       26%         3
 Inner Flame              Hex/Fire       8%         N/A       26%         3
 Swiftness                Air            8%         N/A       26%         3
 Vampiric Draining        Necr           8%         2d6       26%         3
 Fulminant Prism          Conj/Hex       10%        3d9       32%         4
 Airstrike                Air            4%         2d(1-17)  65%         4
 Yara's Violent Unravell  Hex/Tmut       5%         3d4       89%         5
 Enfeeble                 Hex            4%         N/A       100%        7


Dungeon Overview and Level Annotations

Branches:
Dungeon (10/15) Zot: 7531  Temple (1/1) D:4 Zot: 888    Lair (1/5) D:10 Zot: 897
    Orc: D:9-12

Altars:
Cheibriados
Fedhas
Qazlal
Sif Muna
Trog
Vehumet
Wu Jian
Xom
Zin
The Shining One

Annotations:
Lair:1 Urug


Innate Abilities, Weirdness & Mutations

You passively map the area around you.
You are easily found by Zot.
You glow in the dark.
You regain HP and MP as you explore.


Message History

You finish merging with the rock.
There is a stone staircase leading down here.
Magic restored.
You climb downwards.
Found a silvery potion, a scroll labelled YMUMEN DOXKE and a short sword.
There is a stone staircase leading up here.
A - a silvery potion
Okay, then.
B - a scroll labelled YMUMEN DOXKE The air fills with toxic fumes!
As you read the scroll labelled DYAPPA FIPLUI, it crumbles to dust.
It was a scroll of poison.
Okay, then.
You open the door.
There is an open door here.
Found a leather armour.
Found a leather armour.
An orc comes into view. It is wielding a +0 club.
The orc shouts!
You hear a shout!
An orc wizard comes into view. It is wielding a +0 dagger.
An orc warrior comes into view. It is wielding a +0 halberd.
The orc wizard gestures at you while chanting.
You easily resist.
Casting: Passwall (safe; 4% risk of failure)
Confirm with . or Enter, or press ? or * to list all spells.
You begin to radiate toxic energy.
The orc warrior is poisoned.
The orc wizard is poisoned.
The orc is poisoned.
The orc warrior looks even sicker.
You kill the orc!
Cheibriados appreciates the change of pace.
Casting: Olgreb's Toxic Radiance (dangerous; 9% risk of failure)
Confirm with . or Enter, or press ? or * to list all spells.
You can't see any susceptible monsters within range! (Use Z to cast anyway.) Unknown command.
The orc warrior looks even sicker.
The orc wizard looks even sicker.
Your toxic aura wanes.
Casting: Olgreb's Toxic Radiance (dangerous; 9% risk of failure)
Confirm with . or Enter, or press ? or * to list all spells.
Aiming: Stone Arrow (dangerous; 3% risk of failure)
Press: ? - help, Shift-Dir - straight line, f - orc warrior
Aim: an orc warrior, wielding a +0 halberd and wearing a +0 chain mail (moderately wounded, very poisoned, 68% to hit)
The stone arrow hits the orc warrior!
The orc warrior is severely wounded.
Casting: Stone Arrow (dangerous; 3% risk of failure)
Confirm with . or Enter, or press ? or * to list all spells.
Aiming: Stone Arrow (dangerous; 3% risk of failure)
Press: ? - help, Shift-Dir - straight line, f/p - orc warrior
Aim: an orc warrior, wielding a +0 halberd and wearing a +0 chain mail (severely wounded, very poisoned, 68% to hit)
The stone arrow misses the orc warrior.
The orc warrior misses you.
Casting: Stone Arrow (dangerous; 3% risk of failure)
Confirm with . or Enter, or press ? or * to list all spells.
Aiming: Stone Arrow (dangerous; 3% risk of failure)
Press: ? - help, Shift-Dir - straight line, f/p - orc warrior
Aim: an orc warrior, wielding a +0 halberd and wearing a +0 chain mail (severely wounded, very poisoned, 68% to hit)
The stone arrow hits the orc warrior.
The orc warrior is almost dead.
You kill the orc wizard!
Cheibriados thoroughly appreciates the change of pace.
The orc warrior completely misses you.
You kill the orc warrior!
Cheibriados appreciates the change of pace.
You have reached level 9!
Your experience leads to an increase in your attributes!
Your base attributes are Str 11, Int 18, Dex 14.
Increase (s)trength, (i)ntelligence, or (d)exterity?
You feel clever. x3
Your attunement to dungeon structure grows.
Unknown command.
Found a stone staircase leading down.
Unknown command.
Found a staircase to the Lair.
The komodo dragon hisses angrily.
The komodo dragon bites the plant!
The plant begins to die.
The komodo dragon bites the plant.
The plant begins to die.
Casting: Stone Arrow (dangerous; 3% risk of failure)
Confirm with . or Enter, or press ? or * to list all spells.
You begin to radiate toxic energy.
The komodo dragon is poisoned.
The komodo dragon looks even sicker.
A nearby plant withers and dies.
Your toxic aura wanes.
A nearby plant withers and dies.
The komodo dragon bites the plant!!
The plant begins to die.
Casting: Olgreb's Toxic Radiance (dangerous; 6% risk of failure)
Confirm with . or Enter, or press ? or * to list all spells.
Aiming: Stone Arrow (dangerous; 3% risk of failure)
Press: ? - help, Shift-Dir - straight line, f - komodo dragon
Aim: a komodo dragon (moderately wounded, very poisoned, 81% to hit)
Your line of fire to the komodo dragon is blocked by a plant.
Unknown command.
Casting: Stone Arrow (dangerous; 3% risk of failure)
Confirm with . or Enter, or press ? or * to list all spells.
Aiming: Stone Arrow (dangerous; 3% risk of failure)
Press: ? - help, Shift-Dir - straight line, f/p - komodo dragon
Aim: a komodo dragon (moderately wounded, very poisoned, 81% to hit)
Okay, then.
Casting: Stone Arrow (dangerous; 3% risk of failure)
Confirm with . or Enter, or press ? or * to list all spells.
Aiming: Stone Arrow (dangerous; 3% risk of failure)
Press: ? - help, Shift-Dir - straight line, f/p - komodo dragon
Aim: a komodo dragon (moderately wounded, poisoned, 81% to hit)
The stone arrow hits the komodo dragon!
The komodo dragon is heavily wounded.
A nearby plant withers and dies.
Casting: Stone Arrow (dangerous; 3% risk of failure)
Confirm with . or Enter, or press ? or * to list all spells.
Aiming: Stone Arrow (dangerous; 3% risk of failure)
Press: ? - help, Shift-Dir - straight line, f/p - komodo dragon
Aim: a komodo dragon (heavily wounded, poisoned, 81% to hit)
The stone arrow hits the komodo dragon!!
You kill the komodo dragon!
Cheibriados appreciates the change of pace.
Training target 7.0 for Spellcasting reached!
Training target 7.0 for Poison Magic reached!
Your Spellcasting skill increases to level 7!
Your Poison Magic skill increases to level 7!
You need to enable at least one skill for training.
Your Fighting skill gained 2 levels and is now at level 2!
This spell is quite dangerous to cast!
Memorise Lee's Rapid Deconstruction, consuming 5 spell levels and leaving 5?
You start memorising the spell.
You continue memorising. x5
You finish memorising.
Spell assigned to 'l'.
Okay, then.
You see here a komodo dragon corpse.
There is a staircase to the Lair here.
You climb downwards.
Welcome to the Lair of Beasts!
Magic restored.
Urug shouts!
The elephant trumpets! x2
Found a chain mail, a white potion and 17 gold pieces.
There is a staircase back to the Dungeon here.
Okay, then.
Okay, then.
Unknown command.
Okay, then.
Okay, then.
Okay, then.
Okay, then.
Okay, then.
Okay, then.
Okay, then.
You fail to use your ability.
Urug hits you with a +7 eveningstar!!!
Ouch! That really hurt!
The boulder beetle closely misses you. The elephant tramples you!
You hold your ground!
The elephant trunk-slaps you. The elephant tramples you.
You hold your ground!
The elephant trunk-slaps you but does no damage.
As you read the scroll labelled UNNAOSCH AROKINI, it crumbles to dust.
Your body is wracked with pain!
The elephant convulses!
The boulder beetle convulses!
The elephant convulses! x2; Urug convulses!
It was a scroll of torment.
The elephant tramples you.
You hold your ground!
The elephant trunk-slaps you but does no damage.
Urug hits you with a +7 eveningstar!
You die...

, , , , * , , *
,, * * , , .#**
* * , .., , * #
* ,#P , , .##
,, ,
,*,###..####..#
* ,
,$!....o...^#,
+ , , *
,..[...B@Y..+,,
,
.......YY..#**
, ,
,,...........#
,, *
,...........# ,
* +#########P##
, * ,,* * ## *
* ,, * * , * *
, * + ** , *, *


You could see a boulder beetle, 3 elephants and Urug.

Vanquished Creatures
  A komodo dragon (D:10)
  A water moccasin (D:6)
  An ice beast (D:8)
  2 orc warriors
  A kobold brigand (D:8)
  A bullfrog (D:8)
  A necrophage (D:6)
  4 wights (D:8)
  3 hounds
  A jelly (D:4)
  2 orc priests
  6 orc wizards
  2 gnolls (D:2)
  3 adders
  A shadow imp (D:5)
  2 ufetubi
  2 worms
  2 dart slugs (D:2)
  11 orcs
  9 ball pythons
  5 bats
  7 endoplasms
  A giant cockroach (D:4)
  2 goblins (D:3)
  3 hobgoblins
  4 jackals
  A frilled lizard (D:3)
  8 kobolds
  2 rats (D:3)
89 creatures vanquished.

Vanquished Creatures (others)
  5 plants
5 creatures vanquished.

Grand Total: 94 creatures vanquished

Notes
Turn   | Place    | Note
-------+----------+-------------------------------------------
     0 | D:1      | sentinel the Meteoran Earth Elementalist began the quest
                  | for the Orb.
     0 | D:1      | Reached XP level 1. HP: 14/14 MP: 5/5
    62 | D:1      | Reached XP level 2. HP: 17/20 MP: 2/6
    96 | D:2      | Found a shimmering blue altar of Sif Muna.
   118 | D:2      | Reached XP level 3. HP: 16/26 MP: 1/8
   143 | D:2      | Identified the +1 leather armour of the Onion {SInv}
   162 | D:2      | Reached skill level 5 in Earth Magic
   175 | D:2      | Learned a level 2 spell: Passwall
   179 | D:2      | Learned a level 3 spell: Stone Arrow
   184 | D:2      | Identified the ring of Relativism {Fly rElec Int-3 Dex+4
                  | Stlth+}
   229 | D:3      | Reached XP level 4. HP: 33/33 MP: 9/9
   233 | D:3      | Learned a level 2 spell: Call Imp
   256 | D:2      | Reached skill level 1 in Conjurations
   365 | D:3      | Reached XP level 5. HP: 38/38 MP: 8/11
   394 | D:4      | Found a staircase to the Ecumenical Temple.
   406 | Temple   | Entered the Ecumenical Temple
   410 | Temple   | Became a worshipper of Cheibriados the Contemplative
   440 | D:5      | Entered Level 5 of the Dungeon
   527 | D:5      | Reached XP level 6. HP: 18/45 MP: 9/12
   629 | D:5      | Learned a level 4 spell: Olgreb's Toxic Radiance
   664 | D:6      | Reached XP level 7. HP: 50/50 MP: 14/14
   680 | D:6      | Reached skill level 1 in Poison Magic
   744 | D:6      | Noticed a water moccasin
   752 | D:6      | Killed a water moccasin
   752 | D:6      | Reached * piety under Cheibriados
   753 | D:6      | Reached skill level 5 in Conjurations
   757 | D:6      | Reached skill level 1 in Summonings
   758 | D:6      | Reached skill level 5 in Spellcasting
   795 | D:8      | Reached XP level 8. HP: 57/57 MP: 16/16
   857 | D:8      | Found an ornate altar of the Wu Jian Council.
   857 | D:8      | Found a glowing silver altar of Zin.
   877 | D:8      | Reached skill level 5 in Poison Magic
   892 | D:9      | Got the Spellbook of Petrous Execration
   975 | D:10     | Entered Level 10 of the Dungeon
  1011 | D:10     | Gained mutation: You passively map the area around you.
                  | [Meteoran growth]
  1011 | D:10     | Reached XP level 9. HP: 62/62 MP: 17/19
  1024 | D:10     | Found a staircase to the Lair.
  1025 | D:10     | Noticed a komodo dragon
  1034 | D:10     | Killed a komodo dragon
  1041 | D:10     | Learned a level 5 spell: Lee's Rapid Deconstruction
  1047 | Lair:1   | Entered Level 1 of the Lair of Beasts
  1047 | Lair:1   | Noticed Urug
  1047 | Lair:1   | Noticed an elephant
  1047 | Lair:1   | Noticed an elephant
  1047 | Lair:1   | Noticed an elephant
  1047 | Lair:1   | Noticed a boulder beetle
  1049 | Lair:1   | Mangled by Urug

Illustrated notes

Levels and vault maps discovered:
D:1:      spicycebolla_arrival_clurvy, layout_basic,
          shapermc_ecumenical_altar_starsandcircs, serial_bayou,
          serial_bayou_lagoon_a, serial_bayou_shore_a, serial_bayou_pond_d,
          serial_bayou_pond_e, serial_bayou_lake_a, serial_bayou_ford_a
D:2:      layout_loops_ring, basic_altar, minmay_ruptured, uniq_sigmund,
          uniq_jessica
D:3:      layout_rooms, tgw_kikubaaqudgha, minmay_diced_spiral
D:4:      layout_basic, mainiacjoe_overflow_alcove_4, temple_fountains,
          serial_corexii_hall, chequers_hall_statues_y, corexii_hall_statues_i,
          corexii_hall_statues_l, chequers_hall_statues_corner_a
D:5:      lemuel_insect_pit, layout_rooms
D:6:      layout_loops_ring
D:7:      layout_loops_corners, gammafunk_temple_overflow_forgotten,
          hangedman_glass_teeth, nzn_random_ring
D:8:      layout_cave_pools, lemuel_mausoleum_altar_yredelemnul,
          grunt_temple_overflow_open, makhleb_blood_cavern_becter,
          uniq_gastronok
D:9:      layout_loops_ring, serial_shops, shop_fountains
D:10:     layout_grid_maze, grunt_temple_overflow_opulence, david_lair_shrubbed,
          minivault_25_ag
Temple:   hellmonk_temple_two_chambers
Lair:1:   layout_roguey, grunt_megastairs_2, uniq_harold, uniq_urug

Skill      XL: |  1  2  3  4  5  6  7  8  9 |
---------------+----------------------------+-----
Earth Magic    | 4 5 6 |  6.0
Spellcasting   | 3 4 5 6 7 |  7.0
Conjurations   | 1 3 4 5 |  5.0
Poison Magic   | 3 6 7 |  7.0
Summonings     | 1 2 |  2.0
Fighting       | 2 |  2.9
Dodging        | |  2.4
Stealth        | |  1.4
Transmutations | |  1.2

Action                   |  1- 3 |  4- 6 |  7- 9 || total
-------------------------+-------+-------+-------++-------
 Fire: Shortbow          |       |    16 |     3 ||    19
 Cast: Sandblast         |    31 |    57 |    26 ||   114
       Passwall          |     1 |     1 |     3 ||     5
       Stone Arrow       |       |     1 |    23 ||    24
       Olgreb's Toxic Ra |       |       |     4 ||     4
       Call Imp          |       |       |     1 ||     1
  Use: Scroll            |       |       |     8 ||     8
Armor: Robe              |     1 |    19 |       ||    20
       Leather armour    |       |    11 |    12 ||    23
Dodge: Dodged            |     6 |    42 |    14 ||    62
